 Dungeon Sprint DCSS version 0.27-a0-1158-gaa87e14f67 (webtiles) character file.

Game seed: 13086598036566271706

2115 mhtbhm the Eclecticist (level 9, -4/48 HPs)
             Began as a Deep Elf Earth Elementalist on May 15, 2021.
             Was the Champion of Vehumet.
             Slain by a boulder beetle (26 damage)
             ... in the Dungeon (Sprint VII: "The Pits").
             The game lasted 00:04:53 (2222 turns).

mhtbhm the Eclecticist (DEEE)                       Turns: 2222, Time: 00:04:53

Health: -4/48      AC:  6    Str:  5    XL:     9   Next: 8%
Magic:  1/32       EV: 14    Int: 27    God:    Vehumet [******]
Gold:   0          SH:  0    Dex: 15    Spells: 23/42 levels left

rFire    . . .     SeeInvis .   l - +2 rapier (drain)
rCold    . . .     Faith    .   (no shield)
rNeg     . . .     Spirit   .   c - +0 robe
rPois    .         Reflect  .   (no helmet)
rElec    .         Harm     .   (no cloak)
rCorr    .         Rampage  .   q - +0 pair of gloves
Will     .....     NoTele   +   (no boots)
Stlth    +++.......             (no amulet)
HPRegen  0.16/turn              m - +3 ring of intelligence
MPRegen  0.23/turn              n - +3 ring of protection

@: on berserk cooldown, slowed, very slow
A: no striking features
a: Renounce Religion


You were in the Dungeon.
You worshipped Vehumet.
Vehumet was exalted by your worship.
You visited 1 branch

Inventory:

Hand Weapons
 l - a +2 rapier of draining (weapon)
Missiles
 b - 5 stones
Armour
 c - a +0 robe (worn)
 q - a +0 pair of gloves (worn)
Jewellery
 m - a +3 ring of intelligence (left hand)
 n - a +3 ring of protection (right hand)
Scrolls
 i - a scroll of blinking
 j - 5 scrolls of amnesia
 k - a scroll of summoning
Potions
 a - 2 potions of invisibility
 d - 7 potions of curing
 e - 8 potions of heal wounds
 f - a potion of haste
 g - 4 potions of magic
 h - 3 potions of berserk rage
 o - a potion of might
 p - 2 potions of mutation


   Skills:
 + Level 1.7 Fighting
 + Level 5.5 Dodging
 + Level 5.2 Stealth
 + Level 17.0 Spellcasting
 + Level 1.8 Conjurations
 + Level 1.2 Transmutations
 + Level 14.7 Earth Magic


You had 23 spell levels left.
You knew the following spells:

 Your Spells              Type           Power      Damage    Failure   Level
a - Sandblast             Erth           100%       2d20      0%          1
b - Passwall              Tmut/Erth      50%        N/A       1%          2
c - Stone Arrow           Conj/Erth      100%       3d13      1%          3
d - Lee's Rapid Deconstr  Erth           40%        3d21*     1%          5
e - Petrify               Tmut/Erth      60%        N/A       1%          4
f - Iskenderun's Mystic   Conj/Tloc      28%        2d7       4%          4

Your spell library contained the following spells:

 Spells                   Type           Power      Damage    Failure   Level
 Lightning Bolt           Conj/Air       14%        1d27      11%         5


Dungeon Overview and Level Annotations

Branches:
Dungeon (1/1)

Altars:
Ashenzari
Cheibriados
Dithmenos
Elyvilon
Fedhas
Gozag
Hepliaklqana
Kikubaaqudgha
Makhleb
Nemelex Xobeh
Okawaru
Qazlal
Ru
Sif Muna
Trog
Uskayaw
Vehumet
Wu Jian
Xom
Yredelemnul
Zin
The Shining One
Beogh
Jiyva
Lugonu


Message History

Confirm with . or Enter, or press ? or * to list all spells.
You can't see any susceptible monsters within range! (Use Z to cast anyway.)
You aren't carrying any items that you can evoke.
Unknown command.
The boulder beetle leaps!
The boulder beetle curls into a ball and begins rolling!
You feel much better.
Unknown command.
Casting: Sandblast (safe; 0% risk of failure)
Confirm with . or Enter, or press ? or * to list all spells.
Aiming: Sandblast (safe; 0% risk of failure)
Press: ? - help, Shift-Dir - straight line, f/p - boulder beetle
Aim: a boulder beetle (severely wounded, rolling, lightly drained, 100% to hit)
The blast of sand hits the boulder beetle!
The boulder beetle is almost dead.
The boulder beetle closely misses you.
The boulder beetle stops rolling and uncurls.
Casting: Sandblast (safe; 0% risk of failure)
Confirm with . or Enter, or press ? or * to list all spells.
Aiming: Sandblast (safe; 0% risk of failure)
Press: ? - help, Shift-Dir - straight line, f/p - boulder beetle
Aim: a boulder beetle (almost dead, lightly drained, 100% to hit)
The blast of sand hits the boulder beetle but does no damage.
The boulder beetle is almost dead.
The boulder beetle seems less drained.
The boulder beetle bites you! The boulder beetle bites you!!
* * * LOW HITPOINT WARNING * * *
Unknown command.
You feel much better. The boulder beetle closely misses you.
Unknown command.
Casting: Sandblast (safe; 0% risk of failure)
Confirm with . or Enter, or press ? or * to list all spells.
Aiming: Sandblast (safe; 0% risk of failure)
Press: ? - help, Shift-Dir - straight line, f/p - boulder beetle
Aim: a boulder beetle (almost dead, 100% to hit)
The blast of sand hits the boulder beetle but does no damage.
The boulder beetle is almost dead.
The boulder beetle bites you!!
Ouch! That really hurt!
You die...

#..# ##++########## #..#
.........##..# #.)#
..#......##..# #..#
.........''.○# #..#
.........''..##########..#
..#......##............÷.#
.........##....B@........#
##++######################
# # # # # # #


You could see a boulder beetle.

Vanquished Creatures
  A deep elf knight (D)
  A sea snake (D)
  A hellwing (D)
  A hornet (D)
  A wraith (D)
  A black bear (D)
  A quasit (D)
  A jelly (D)
  2 hounds (D)
  4 orc priests (D)
  A gnoll shaman (D)
  A hell rat (D)
  A mummy (D)
  5 gnolls (D)
  6 orcs (D)
  A ball python (D)
  An endoplasm (D)
  A giant cockroach (D)
  A hobgoblin (D)
  2 jackals (D)
  2 quokkas (D)
  A ball python skeleton (D)
  2 kobolds (D)
  A rat (D)
40 creatures vanquished.

Notes
Turn   | Place    | Note
-------+----------+-------------------------------------------
     0 | D        | mhtbhm the Deep Elf Earth Elementalist began the quest for
                  | the Orb.
     0 | D        | Reached XP level 1. HP: 10/10 MP: 6/6
    15 | D        | Found a bloodstained altar of Trog.
    15 | D        | Found a shimmering blue altar of Sif Muna.
    15 | D        | Found a viscous altar of Jiyva.
    15 | D        | Found a hazy altar of Hepliaklqana.
    15 | D        | Found an opulent altar of Gozag.
    16 | D        | Found a glowing golden altar of the Shining One.
    16 | D        | Found a glowing silver altar of Zin.
    16 | D        | Found a basalt altar of Yredelemnul.
    16 | D        | Found a shimmering altar of Xom.
    16 | D        | Found an ornate altar of the Wu Jian Council.
    16 | D        | Found a sacrificial altar of Ru.
    16 | D        | Found a stormy altar of Qazlal.
    16 | D        | Found an iron altar of Okawaru.
    16 | D        | Found a sparkling altar of Nemelex Xobeh.
    16 | D        | Found a burning altar of Makhleb.
    16 | D        | Found a blossoming altar of Fedhas.
    16 | D        | Found a white marble altar of Elyvilon.
    16 | D        | Found a shadowy altar of Dithmenos.
    16 | D        | Found a snail-covered altar of Cheibriados.
    18 | D        | Found a radiant altar of Vehumet.
    18 | D        | Found a corrupted altar of Lugonu.
    19 | D        | Found a hide-covered altar of Uskayaw.
    19 | D        | Found an ancient bone altar of Kikubaaqudgha.
    19 | D        | Found a broken altar of Ashenzari.
    26 | D        | Became a worshipper of Vehumet
    73 | D        | Reached skill level 4 in Spellcasting
    73 | D        | Reached XP level 2. HP: 15/15 MP: 4/9
   138 | D        | Learned a level 2 spell: Passwall
   150 | D        | Reached * piety under Vehumet
   150 | D        | Offered knowledge of Freeze by Vehumet.
   208 | D        | Reached ** piety under Vehumet
   322 | D        | Offered knowledge of Foxfire by Vehumet.
   323 | D        | Reached skill level 5 in Spellcasting
   604 | D        | Offered knowledge of Mephitic Cloud by Vehumet.
   604 | D        | Reached *** piety under Vehumet
   612 | D        | Reached skill level 6 in Spellcasting
   612 | D        | Reached skill level 5 in Earth Magic
   612 | D        | Reached XP level 3. HP: 15/19 MP: 4/12
   615 | D        | Reached skill level 7 in Spellcasting
   615 | D        | Reached XP level 4. HP: 19/24 MP: 3/15
   617 | D        | Reached **** piety under Vehumet
   636 | D        | Reached skill level 8 in Spellcasting
   736 | D        | Reached skill level 9 in Spellcasting
   736 | D        | Reached XP level 5. HP: 16/28 MP: 14/18
   872 | D        | Offered knowledge of Iskenderun's Mystic Blast by Vehumet.
   872 | D        | Reached ***** piety under Vehumet
   894 | D        | Learned a level 3 spell: Stone Arrow
   895 | D        | Reached skill level 10 in Spellcasting
   901 | D        | Learned a level 5 spell: Lee's Rapid Deconstruction
   906 | D        | Learned a level 4 spell: Petrify
   911 | D        | Learned a level 4 spell: Iskenderun's Mystic Blast
  1020 | D        | Offered knowledge of Olgreb's Toxic Radiance by Vehumet.
  1098 | D        | Reached skill level 5 in Dodging
  1146 | D        | Noticed a black bear
  1147 | D        | Killed a black bear
  1148 | D        | Reached skill level 11 in Spellcasting
  1148 | D        | Reached XP level 6. HP: 32/32 MP: 18/22
  1171 | D        | Noticed a hellwing
  1177 | D        | Killed a hellwing
  1178 | D        | Reached skill level 13 in Spellcasting
  1178 | D        | Reached skill level 1 in Conjurations
  1178 | D        | Reached XP level 7. HP: 26/37 MP: 3/25
  1296 | D        | Offered knowledge of Starburst by Vehumet.
  1435 | D        | Noticed a hornet
  1439 | D        | Killed a hornet
  1440 | D        | Reached skill level 14 in Spellcasting
  1442 | D        | Reached skill level 1 in Fighting
  1444 | D        | Reached ****** piety under Vehumet
  1444 | D        | Offered knowledge of Lightning Bolt by Vehumet.
  1643 | D        | Noticed a wraith
  1652 | D        | Killed a wraith
  1653 | D        | Reached XP level 8. HP: 43/43 MP: 13/28
  1935 | D        | Noticed a deep elf knight
  1935 | D        | Noticed a sea snake
  1937 | D        | Noticed a boulder beetle
  1939 | D        | Killed a sea snake
  1940 | D        | Reached skill level 5 in Stealth
  1940 | D        | Reached skill level 16 in Spellcasting
  1940 | D        | Killed a deep elf knight
  1941 | D        | Reached skill level 17 in Spellcasting
  1941 | D        | Reached XP level 9. HP: 48/48 MP: 14/32
  2220 | D        | HP: 2/48 [boulder beetle (19)]
  2222 | D        | Slain by a boulder beetle

Illustrated notes

Levels and vault maps discovered:
D:        pitsprint [storerooms_1, entrance_room_1, metal_vault_4, armoury_3,
          mini_pit_1, grid_room_1, main_hall_1, silver_pit, the_coven_1,
          the_vestibule_1, steel_vault_1, golden_pit, hallway_of_sentries,
          crystal_vault_2, iron_vault_5, final_vault]

Skill      XL: |  1  2  3  4  5  6  7  8 |
---------------+-------------------------+-----
Spellcasting   | 4 6 7 9 11 13 14 17 | 17.0
Earth Magic    | 4 5 6 8 9 11 12 14 | 14.7
Stealth        | 4 5 |  5.2
Dodging        | 3 4 5 |  5.5
Conjurations   | 1 |  1.8
Fighting       | 1 |  1.7
Transmutations | |  1.2

Action                   |  1- 3 |  4- 6 |  7- 9 || total
-------------------------+-------+-------+-------++-------
Melee: Dagger            |     5 |     2 |       ||     7
       Rapier            |       |       |     5 ||     5
 Cast: Sandblast         |    23 |    12 |     5 ||    40
       Lee's Rapid Decon |       |     7 |    16 ||    23
       Stone Arrow       |       |     4 |     2 ||     6
       Petrify           |       |       |     7 ||     7
  Use: Potion            |       |     1 |     4 ||     5
 Stab: Petrified         |       |       |     1 ||     1
Armor: Robe              |     9 |       |     3 ||    12
Dodge: Dodged            |    25 |     9 |     8 ||    42

Table legend: (Time is in decaauts)
 A = Elapsed time spent in this place.
 B = Non-inter-level travel time spent in this place.
 C = Inter-level travel time spent in this place.
 D = Time resting spent in this place.
 E = Time spent auto-exploring this place.
 F = Levels seen in this place.
 G = Mean time per level.
                   A        B        C        D        E       F      G
               +--------+--------+--------+--------+--------+-----+--------+
         Total |   2227 |   2227 |      0 |   1630 |      0 |   1 | 2227.0 |
       Dungeon |   2227 |   2227 |      0 |   1630 |      0 |   1 | 2227.0 |
               +--------+--------+--------+--------+--------+-----+--------+

Top non-repeatable levels by time:
       D: 2227 daAuts
